 Dungeon Crawl Stone Soup version 0.29.1-15-g9cfb28693d (webtiles) character file.

Game seed: 16669864724311330385

0 croobank the Sneak (level 1, 0/16 HPs)
             Began as an Octopode Delver on Mar 11, 2023.
             Slain by an adder (2 damage)
             ... on level 4 of the Dungeon.
             The game lasted 00:01:31 (213 turns).

croobank the Sneak (Octopode Delver)                 Turns: 213, Time: 00:01:31

Health: 0/16       AC:  3    Str: 11    XL:     1   Next: 10%
Magic:  1/1        EV: 13    Int: 12    God:
Gold:   0          SH:  0    Dex: 13    Spells: 0/0 levels left

rFire   . . .      SeeInvis .   a - +0 hand axe
rCold   . . .      Faith    .   (no shield)
rNeg    . . .      Spirit   .   (helmet restricted)
rPois   .          Reflect  .   (no amulet)
rElec   .          Harm     .   (no ring)
rCorr   .          Rampage  .   (no ring)
Will    .....      Rage     3%  (no ring)
Stlth   ++++......              (no ring)
HPRegen 0.05/turn               (no ring)
MPRegen 0.07/turn               (no ring)
                                (no ring)
                                (no ring)

@: lethally poisoned (0 -> -3), attractive
A: almost no armour, amphibious, 8 rings, camouflage 1, gelatinous body 1,
(nimble swimmer 1), tentacles, iridescent scales 1, berserk 1
a: no special abilities


You were on level 4 of the Dungeon.
You visited 1 branch of the dungeon, and saw 3 of its levels.

Inventory:

Hand Weapons
 a - a +0 hand axe (weapon)
Wands
 f - a wand of digging (3)
Scrolls
 b - a scroll of fog
 c - a scroll of magic mapping
 d - a scroll of fear
 h - a scroll of vulnerability {unknown}
 k - a scroll of teleportation {unknown}
 l - a scroll of amnesia {unknown}
Potions
 e - a potion of haste
 g - a potion of mutation


   Skills:
 + Level 3.0 Fighting
 + Level 2.0 Axes
 + Level 2.0 Dodging
 + Level 6.6 Stealth


You couldn't memorise any spells.
You didn't know any spells.
Your spell library was empty.

Dungeon Overview and Level Annotations

Branches:
Dungeon (6/15)
 Temple: D:4-7

Altars:

Annotations:
D:4 Menkaure


Innate Abilities, Weirdness & Mutations

You cannot wear most types of armour.
You are amphibious.
You can wear up to eight rings at the same time.
Your skin changes colour to match your surroundings (Stealth+).
Your rubbery body absorbs attacks. (AC +1, EV +1)
((You are camouflaged when in or above water. (Stealth+)))
You have tentacles for arms and can constrict up to eight enemies at once.
You are partially covered in iridescent scales. (AC +2)
You sometimes lose your temper in combat.


Message History

j - a smoky white potion
k - a scroll labelled ZEHIJO ADDUOC
Found a scroll labelled UFAZEL DIOTHRU.
A ball python comes into view.
The ball python hisses angrily.
You see here a scroll labelled UFAZEL DIOTHRU.
l - a scroll labelled UFAZEL DIOTHRU You slash the ball python!
You kill the ball python!
No target in view!
An adder comes into view.
The adder hisses angrily.
The adder bites you.
You miss the adder. You grab the adder.
You constrict the adder, but do no damage.
The adder bites you.
You are poisoned.
The adder poisons you! The adder bites you.
You are lethally poisoned!
The adder poisons you!
You hit the adder.
The adder is lightly wounded.
You constrict the adder.
You feel very sick. The adder closely misses you.
It was a potion of mutation.
You feel extremely strange.
You feel a little pissed off.
Iridescent scales grow over part of your body.
You constrict the adder.
You feel sick. The adder bites you. The adder closely misses you.
It was a potion of cancellation.
You feel magically purged.
You constrict the adder.
* * * LOW HITPOINT WARNING * * *
You feel sick. The adder barely misses you.
It was a potion of attraction.
You feel attractive to monsters.
You constrict the adder.
* * * LOW HITPOINT WARNING * * *
You feel sick. The adder bites you.
You die...

###.###### #.#
#. #.# ##.##
#.# #.
#.###...## #.#
#. #.##.....##
... ..
#.........# ...
## ####.....##
..s ##...## #
##.######.###.#
#...@S.......#
########......
#####


You could see an adder.

Vanquished Creatures
  A ball python (D:4)
1 creature vanquished.

Notes
Turn   | Place    | Note
-------+----------+-------------------------------------------
     0 | D:5      | croobank the Octopode Delver began the quest for the Orb.
     0 | D:5      | Reached XP level 1. HP: 16/16 MP: 1/1
    42 | D:5      | Noticed a black bear
    42 | D:5      | Noticed a black bear
    89 | D:4      | Noticed a scorpion
   101 | D:4      | Noticed Menkaure
   211 | D:4      | Gained mutation: You sometimes lose your temper in combat.
                  | [potion of mutation]
   211 | D:4      | Gained mutation: You are partially covered in iridescent
                  | scales. (AC +2) [potion of mutation]
   213 | D:4      | Slain by an adder

Illustrated notes

Levels and vault maps discovered:
D:4:      layout_loops_corners, lemuel_crystal_altar, okawaru_altar_gauntlet_db,
          serial_shops, shop_fountains, minmay_ruined_shrine, uniq_grinder,
          uniq_sigmund, uniq_menkaure
D:5:      layout_rooms, nemelex_dance_club_becter
D:6:      layout_basic, tso_oasis_becter, nicolae_dithmenos_the_darkroom,
          uniq_pikel

Action                   || total
-------------------------++-------
Melee: Hand axe          ||     3
       Constrict         ||     1
  Use: Potion            ||     3
Dodge: Dodged            ||     3
